 Dungeon Crawl Stone Soup version 0.29-a0-356-g7bc237e783 (webtiles) character file.

Game seed: 16543225328921087308

392 zishaf the Chiller (level 6, -4/56 HPs)
             Began as a Naga Ice Elementalist on Apr 25, 2022.
             Slain by Prince Ribbit (12 damage)
             ... on level 5 of the Dungeon.
             The game lasted 00:04:48 (2413 turns).

zishaf the Chiller (Naga Ice Elementalist)          Turns: 2413, Time: 00:04:48

Health: -4/56      AC:  9    Str: 10    XL:     6   Next: 80%
Magic:  0/9        EV: 13    Int: 18    God:
Gold:   96         SH:  0    Dex: 11    Spells: 3/10 levels left

rFire   . . .      SeeInvis +   a - +2 short sword (drain)
rCold   . . .      Faith    .   (no shield)
rNeg    . . .      Spirit   .   k - +0 robe
rPois   +          Reflect  .   (no helmet)
rElec   .          Harm     .   (no cloak)
rCorr   .          Rampage  .   (no gloves)
Will    .....                   (no barding)
Stlth   ++........              (no amulet)
HPRegen 0.18/turn               i - ring of wizardry
MPRegen 0.11/turn               h - +4 ring of evasion

@: ice-armoured, freezing walls, very slow
A: AC +2, large, see invisible, deformed body, poison resistance, slowness 2,
spit poison 1, naga tail 1
a: Spit Poison


You were on level 5 of the Dungeon.
You visited 1 branch of the dungeon, and saw 5 of its levels.

You collected 96 gold pieces.

Inventory:

Hand Weapons
 a - a +2 short sword of draining (weapon)
 b - a +0 hunting sling
Armour
 k - a +0 robe (worn)
Jewellery
 h - a +4 ring of evasion (right hand)
 i - a ring of wizardry (left hand)
Scrolls
 c - a scroll of brand weapon {unknown}
 d - a scroll of holy word {unknown}
 e - a scroll of torment {unknown}
 g - a scroll of teleportation {unknown}
 j - 3 scrolls of identify {unknown}
Potions
 f - 2 potions of flight {unknown}
 l - 2 potions of magic
 m - a potion of haste {unknown}


   Skills:
 + Level 3.4 Fighting
 - Level 1.5 Dodging
 - Level 3.0 Stealth
 - Level 2.5 Spellcasting
 * Level 6.7 Ice Magic


You had 3 spell levels left.
You knew the following spells:

 Your Spells              Type           Power      Damage    Failure   Level
a - Freeze                Ice            100%       1d11      1%          1
b - Frozen Ramparts       Ice            52%        1d7       1%          3
c - Ozocubu's Armour      Ice            26%        N/A       1%          3

Your spell library contained the following spells:

 Spells                   Type           Power      Damage    Failure   Level
 Hailstorm                Conj/Ice       14%        3d5       17%         4


Dungeon Overview and Level Annotations

Branches:
Dungeon (6/15)
 Temple: D:4-7

Altars:
Ashenzari
Zin

Annotations:
D:5 Prince Ribbit


Innate Abilities, Weirdness & Mutations

Your serpentine skin is tough. (AC +2)
You have supernaturally acute eyesight. (SInv)
Armour fits poorly on your strangely shaped body.
Your system is resistant to poisons. (rPois)
You cover ground very slowly.
You can spit poison.
You have a snake-like lower body.


Message History

Menkaure is severely damaged.
Menkaure completely resists.
The wall freezes Menkaure but does no damage.
Menkaure barely misses you.
Prince Ribbit comes into view.
Prince Ribbit gives a loud, deep croak!
You hit Menkaure.
Menkaure is severely damaged.
You hear a shout!
The wall freezes the scorpion.
Menkaure completely resists.
The wall freezes Menkaure but does no damage.
Menkaure barely misses you.
The wall freezes the scorpion.
You hit Menkaure.
Menkaure is almost destroyed.
Menkaure resists.
The wall freezes Menkaure.
You destroy Menkaure!
The wall freezes Prince Ribbit.
Prince Ribbit seems to slow down.
The wall freezes the scorpion.
The wall freezes Prince Ribbit.
Your Fighting skill increases to level 3!
You have reached level 6!
Your skin feels tougher.
You hit the scorpion but do no damage.
The scorpion is heavily wounded.
The wall freezes the scorpion.
The scorpion stings you.
* * * LOW HITPOINT WARNING * * *
The wall freezes Prince Ribbit.
Unknown command.
You closely miss the scorpion.
The scorpion is heavily wounded.
The wall freezes the scorpion.
The scorpion barely misses you.
The wall freezes Prince Ribbit.
The wall freezes the scorpion.
You kill the scorpion!
The frozen ramparts melt away.
Casting: Ozocubu's Armour (safe; 1% risk of failure)
Confirm with . or Enter, or press ? or * to list all spells.
Casting: Frozen Ramparts (safe; 1% risk of failure)
Press: ? - help, Dir - look around, f - activate The walls around you are covered in ice.
The wall freezes Prince Ribbit.
Prince Ribbit hits you!
You die...

####....#.## #..#
#.#..#.######..#
+....#.........#
###..#.....$...#
#.)............# .
#.#..###.###...# ...
#.#..#
.....######.#....
..M.......#@##....
.....###.##F###.....
.....###.##.###.....
.....M.......<......
######........s...
#....<...#.#.
#........# #
###.......#
#.s.......


You could see Prince Ribbit (slow).

Vanquished Creatures
  Menkaure (D:5)
  2 scorpions
  A jelly (D:6)
  2 hounds
  2 adders
  A shadow imp (D:6)
  A worm (D:2)
  An orc (D:5)
  4 giant cockroaches
  3 goblins
  3 hobgoblins
  5 jackals
  6 kobolds
  4 quokkas
  2 ball pythons
  A bat (D:1)
  4 frilled lizards
  2 rats (D:2)
45 creatures vanquished.

Notes
Turn   | Place    | Note
-------+----------+-------------------------------------------
     0 | D:1      | zishaf the Naga Ice Elementalist began the quest for the
                  | Orb.
     0 | D:1      | Reached XP level 1. HP: 15/15 MP: 3/3
   179 | D:1      | Reached XP level 2. HP: 24/24 MP: 5/5
   513 | D:1      | Reached skill level 1 in Fighting
   999 | D:2      | Found a glowing silver altar of Zin.
  1073 | D:2      | Reached XP level 3. HP: 30/31 MP: 4/6
  1079 | D:2      | Learned a level 3 spell: Frozen Ramparts
  1262 | D:2      | Found a faded altar of an unknown god.
  1854 | D:3      | You fall into a shaft and drop 3 floors!
  1865 | D:6      | Reached XP level 4. HP: 35/38 MP: 1/7
  1939 | D:6      | Learned a level 3 spell: Ozocubu's Armour
  1966 | D:6      | Found a broken altar of Ashenzari.
  1966 | D:6      | Noticed a scorpion
  1974 | D:6      | Reached skill level 5 in Ice Magic
  2029 | D:6      | Killed a scorpion
  2030 | D:6      | Reached XP level 5. HP: 33/46 MP: 0/8
  2284 | D:6      | Noticed a water moccasin
  2288 | D:5      | Entered Level 5 of the Dungeon
  2378 | D:5      | Reached skill level 6 in Ice Magic
  2392 | D:5      | Noticed Menkaure
  2407 | D:5      | Noticed Prince Ribbit
  2409 | D:5      | Killed Menkaure
  2410 | D:5      | Reached XP level 6. HP: 9/56 MP: 2/9
  2413 | D:5      | Slain by Prince Ribbit

Illustrated notes

Levels and vault maps discovered:
D:1:      giann_forest_graveyard, layout_basic
D:2:      layout_loops_corners, hellmonk_ecumenical_altar_arch_garden,
          basic_altar
D:3:      layout_loops_ring, kennysheep_okawaru_gauntlet,
          mainiacjoe_overflow_six_doors_small, supply_closet_lemuel,
          dreamdust_mushroom_princess
D:5:      layout_basic, nicolae_tso_besieged_by_evil,
          minmay_temple_entry_large_hall, nicolae_ossuary_entry_catacombs,
          uniq_prince_ribbit1, uniq_menkaure
D:6:      layout_cave_pods, pdpol_wu_jian_five_deadly_venoms,
          evilmike_ruin_ashenzari

Skill      XL: |  1  2  3  4  5 |
---------------+----------------+-----
Fighting       | 1 2 3 |  3.4
Ice Magic      | 5 6 |  6.7
Dodging        | |  1.5
Stealth        | |  3.0
Spellcasting   | |  2.5

Action                   |  1- 3 |  4- 6 || total
-------------------------+-------+-------++-------
Melee: Short sword       |    27 |    13 ||    40
       Punch             |       |     1 ||     1
 Fire: Hunting sling     |     5 |       ||     5
 Cast: Freeze            |    41 |    12 ||    53
       Frozen Ramparts   |       |     3 ||     3
       Ozocubu's Armour  |       |     2 ||     2
 Abil: Spit Poison       |     5 |       ||     5
 Stab: Sleeping          |     2 |       ||     2
Armor: Robe              |    12 |     6 ||    18
Dodge: Dodged            |    33 |    14 ||    47

Table legend: (Time is in decaauts)
 A = Elapsed time spent in this place.
 B = Non-inter-level travel time spent in this place.
 C = Inter-level travel time spent in this place.
 D = Time resting spent in this place.
 E = Time spent auto-exploring this place.
 F = Levels seen in this place.
 G = Mean time per level.
                   A        B        C        D        E       F      G
               +--------+--------+--------+--------+--------+-----+--------+
         Total |   2996 |   2973 |     23 |    316 |   1959 |   5 |  599.2 |
       Dungeon |   2996 |   2973 |     23 |    316 |   1959 |   5 |  599.2 |
               +--------+--------+--------+--------+--------+-----+--------+

Top non-repeatable levels by time:
     D:2: 1270 daAuts
     D:1: 960 daAuts
     D:6: 495 daAuts
     D:5: 166 daAuts
     D:3: 103 daAuts
